 Dungeon Crawl Stone Soup version 0.26.1-11-gd32895ea62 (webtiles) character file.

Game seed: 7293226126573785433

9 manyhoops the Ruffian (level 2, -6/24 HPs)
             Began as a Palentonga Transmuter on Apr 24, 2021.
             Mangled by a gnoll
             ... wielding a +0 spear
              (9 damage)
             ... on level 1 of the Dungeon.
             The game lasted 00:00:21 (227 turns).

manyhoops the Ruffian (Palentonga Transmuter)        Turns: 227, Time: 00:00:21

Health: -6/24      AC:  4    Str: 13    XL:     2   Next: 3%
Magic:  4/5        EV: 10    Int: 13    God:
Gold:   9          SH:  0    Dex: 10    Spells: 4/5 levels left

rFire    . . .     SeeInvis +     - Unarmed
rCold    . . .     Faith    .   (no shield)
rNeg     . . .     Spirit   .   a - +0 robe
rPois    .         Reflect  .   (helmet currently unavailable)
rElec    .         Harm     .   (no cloak)
rCorr    .         Rampage  .   (no gloves)
Will     .....                  (no barding)
Stlth    +.........             (no amulet)
HPRegen  0.08/turn              (no ring)
MPRegen  0.09/turn              (no ring)

@: appendages (expiring)
A: large, horns 2, talons 2, rugged brown scales 3, see invisible, deformed
body, roll 1, armoured tail
a: Rolling Charge, End Transformation


You were on level 1 of the Dungeon.
You had grown temporary horns.
You had grown temporary talons.
You visited 1 branch of the dungeon, and saw 1 of its levels.

You collected 9 gold pieces.

Inventory:

Armour
 a - a +0 robe (worn)
Jewellery
 b - an uncursed ring of positive energy {unknown}
 e - a +4 ring of protection {unknown}
Potions
 c - a potion of resistance {unknown}
 d - a potion of brilliance {unknown}


   Skills:
 * Level 1.4 Fighting
 - Level 1.5 Dodging
 + Level 3.4 Unarmed Combat
 - Level 2.0 Spellcasting
 - Level 2.0 Transmutations


You had 4 spell levels left.
You knew the following spells:

 Your Spells              Type           Power        Failure   Level
a - Beastly Appendage     Tmut           12%          11%         1

Your spell library contained the following spells:

 Spells                   Type           Power        Failure   Level
 Wereblood                Tmut           6%           17%         2
 Spider Form              Tmut/Pois      1%           45%         3
 Ice Form                 Ice/Tmut       3%           86%         4
 Blade Hands              Tmut           3%           97%         5


Dungeon Overview and Level Annotations

Branches:
Dungeon (1/15)

Altars:


Innate Abilities, Weirdness & Mutations

You are completely covered in rugged brown scales. (AC +3, +7% HP)
You have supernaturally acute eyesight. (SInv)
Armour fits poorly on your strangely shaped body.
You can roll at nearby foes to attack.
You have a long armoured tail.
You have a pair of horns on your head.
You have razor-sharp toenails.


Message History

You are too injured to fight recklessly!
You are too injured to fight recklessly!
You are too injured to fight recklessly!
You are too injured to fight recklessly!
You are too injured to fight recklessly!
You are too injured to fight recklessly!
You are too injured to fight recklessly!
You are too injured to fight recklessly!
You are too injured to fight recklessly!
You are too injured to fight recklessly!
You are too injured to fight recklessly!
You are too injured to fight recklessly!
You are too injured to fight recklessly!
You are too injured to fight recklessly!
You hit the gnoll but do no damage. You claw the gnoll.
The gnoll is moderately wounded.
The gnoll hits you with a +0 spear.
* * * LOW HITPOINT WARNING * * *
The gnoll hits you from afar with a +0 spear!
You die...

........#
###.##### ###.#
....## ##...#
.....## ..(...#
......#
#############
####).##
#...@.gl.....
## #...#
#.###########
.# ##..######.#
.# #.......#.#
.# ##..###.#.#
######..###.#.#
............#.#
.######..####.#
....####.# #.#


You could see a gnoll and a leopard gecko.

Vanquished Creatures
  2 giant cockroaches (D:1)
  A goblin (D:1)
  3 bats (D:1)
  A kobold (D:1)
  A rat (D:1)
8 creatures vanquished.

Notes
Turn   | Place    | Note
-------+----------+-------------------------------------------
     0 | D:1      | manyhoops the Palentonga Transmuter began the quest for the
                  | Orb.
     0 | D:1      | Reached XP level 1. HP: 17/17 MP: 3/3
   180 | D:1      | Reached XP level 2. HP: 23/24 MP: 5/5
   227 | D:1      | Mangled by a gnoll

Illustrated notes

Levels and vault maps discovered:
D:1:      dpeg_arrival_shelter, layout_basic

Action                   || total
-------------------------++-------
Melee: Unarmed           ||    23
       Tailslap          ||     3
       Kick              ||     2
 Cast: Beastly Appendage ||     2
 Stab: Sleeping          ||     2
Armor: Robe              ||    16
Dodge: Dodged            ||    17
